 Dungeon Crawl Stone Soup version 0.30-a0-476-g330ca2eb8e (webtiles) character file.

Game seed: 3866908177554836144

72 xzight the Firebug (level 4, -1/25 HPs)
             Began as a Deep Elf Fire Elementalist on Dec 22, 2022.
             Slain by Terence
             ... wielding a +1 vorpal flail
              (3 damage)
             ... on level 3 of the Dungeon.
             The game lasted 00:04:21 (2476 turns).

xzight the Firebug (Deep Elf Fire Elementalist)     Turns: 2476, Time: 00:04:21

Health: -1/25      AC:  2    Str:  5    XL:     4   Next: 7%
Magic:  5/11       EV: 12    Int: 22    God:
Gold:   96         SH:  0    Dex: 15    Spells: 7/10 levels left

rFire   . . .      SeeInvis .    g - +0 dagger
rCold   . . .      Faith    .    (no shield)
rNeg    . . .      Spirit   .    a - +0 robe
rPois   .          Reflect  .    (no helmet)
rElec   .          Harm     .    (no cloak)
rCorr   .          Rampage  .    (no gloves)
Will    .....                    (no boots)
Stlth   ++........               (no amulet)
HPRegen 0.24/turn                (no ring)
MPRegen 0.12/turn                (no ring)

@: no status effects
A: no striking features
a: no special abilities


You were on level 3 of the Dungeon.
You visited 1 branch of the dungeon, and saw 3 of its levels.

You collected 96 gold pieces.


   Skills:
 + Level 1.1 Fighting
 - Level 2.4 Dodging
 + Level 3.2 Stealth
 + Level 3.8 Spellcasting
 + Level 2.1 Conjurations
 + Level 3.8 Fire Magic


You had 7 spell levels left.
You knew the following spells:

 Your Spells              Type           Power      Damage    Failure   Level
a - Foxfire               Conj/Fire      68%        2x1d7     3%          1
b - Scorch                Fire           40%        2d7       3%          2

Your spell library contained the following spells:

 Spells                   Type           Power      Damage    Failure   Level
 Magic Dart               Conj           52%        1d5       4%          1
 Searing Ray              Conj           26%        2d5       8%          2
 Sandblast                Erth           8%         2d5       12%         1
 Inner Flame              Hex/Fire       12%        N/A       16%         3
 Passwall                 Tmut/Erth      3%         N/A       17%         2
 Kindle Blastsparks       Fire/Tloc/Air  18%        2d11      21%         3
 Stone Arrow              Conj/Erth      16%        3d8       22%         3
 Flame Wave               Conj/Fire      17%        2d7       32%         4
 Fulminant Prism          Conj/Hex       4%         3d5       58%         4

Inventory:

Hand Weapons
 g - a +0 dagger (weapon)
Armour
 a - a +0 robe (worn)
Magical Staves
 j - a staff of cold {!a}
Wands
 m - a wand of mindburst (6)
Scrolls
 e - a scroll of poison {unknown}
 f - a scroll of enchant armour {unknown}
 h - a scroll of noise {unknown}
 i - a scroll of identify {unknown}
 l - a scroll of acquirement {unknown}
Potions
 b - a potion of magic
 c - 2 potions of attraction {unknown}
 d - 2 potions of brilliance {unknown}
 k - a potion of lignification {unknown}
 n - a potion of might {unknown}
 o - 2 potions of heal wounds {unknown}
 p - a potion of degeneration {unknown}

Dungeon Overview and Level Annotations

Branches:
Dungeon (3/15)

Altars:

Annotations:
D:3 Terence

#.###.....########
...........#
#####.####.# #.#
#†# #.# #.# #. #.#
#.# ≈#<.#######.#
#.#
≈...........####.#
≈.....@@.........#
≈##.##############


You could see Terence (combustible).


Message History

The foxfire hits the adder.
The adder is heavily wounded.
The adder is engulfed in a cloud of scalding steam.
You kill the adder!
You have reached level 4!
You feel clever.
Terence the Incautious comes into view.
He is wielding a +1 vorpal flail.
Casting: Foxfire (safe; 3% risk of failure)
Confirm with . or Enter, or press ? or * to list all spells.
You conjure some foxfire!
The foxfire hits Terence but does no damage.
Casting: Foxfire (safe; 3% risk of failure)
Confirm with . or Enter, or press ? or * to list all spells.
Flames lash Terence.
Terence is lightly wounded.
Terence's fire resistance burns away.
The foxfire hits Terence but does no damage.
Terence is lightly wounded.
Casting: Scorch (safe; 3% risk of failure)
Confirm with . or Enter, or press ? or * to list all spells.
Flames lash Terence.
Terence is burned terribly!
Terence is heavily wounded.
Terence misses you.
Terence shouts, "Get ready for death!"
Terence hits you with a +1 vorpal flail!
Unknown command.
Terence attacks as you move away!
Terence hits you with a +1 vorpal flail!
* * * LOW HITPOINT WARNING * * *
You die...

Skill      XL: |  1  2  3 |
---------------+----------+-----
Stealth        | 3 |  3.2
Fighting       | 1 |  1.1
Conjurations   | 2 |  2.1
Dodging        | |  2.4
Spellcasting   | |  3.8
Fire Magic     | |  3.8

Action                   |  1- 3 |  4- 6 || total
-------------------------+-------+-------++-------
 Cast: Foxfire           |    91 |     1 ||    92
       Scorch            |     3 |     2 ||     5
Armor: Robe              |     1 |       ||     1
Dodge: Dodged            |     6 |     1 ||     7

Levels and vault maps discovered:
D:1:      kb_arrival_jail, layout_basic, minmay_misc_feat_chi
D:2:      layout_basic, hangedman_decor_clover_reticule, minmay_split_cup_large
D:3:      layout_loops_ring, nicolae_overflow_squiral,
          gammafunk_ghost_mausoleum, uniq_ijyb, uniq_terence

Notes
Turn   | Place    | Note
-------+----------+-------------------------------------------
     0 | D:1      | xzight the Deep Elf Fire Elementalist began the quest for
                  | the Orb.
     0 | D:1      | Reached XP level 1. HP: 10/10 MP: 6/6
     2 | D:1      | Noticed an armataur
     4 | D:1      | Noticed a spriggan
     4 | D:1      | Noticed a demigod
     6 | D:1      | Noticed a minotaur
     8 | D:1      | Noticed a meteoran
     8 | D:1      | Noticed a ghoul
    10 | D:1      | Noticed a merfolk
    10 | D:1      | Noticed a tengu
    12 | D:1      | Noticed a vampire
    12 | D:1      | Noticed a troll
    14 | D:1      | Noticed an elf
    14 | D:1      | Noticed a demonspawn
    16 | D:1      | Noticed a formicid
    16 | D:1      | Noticed a gargoyle
    18 | D:1      | Noticed a draconian
    18 | D:1      | Noticed a felid
    20 | D:1      | Noticed a naga
    20 | D:1      | Noticed an octopode
    22 | D:1      | Noticed a human
    24 | D:1      | Noticed a merfolk
    24 | D:1      | Noticed a vine stalker
    26 | D:1      | Noticed a vampire
   305 | D:1      | Reached XP level 2. HP: 9/16 MP: 5/8
  1374 | D:2      | Learned a level 2 spell: Scorch
  1394 | D:2      | Reached XP level 3. HP: 20/20 MP: 6/9
  1427 | D:2      | Reached skill level 3 in Stealth
  1798 | D:2      | Reached skill level 1 in Fighting
  2010 | D:2      | Reached skill level 2 in Conjurations
  2468 | D:3      | Reached XP level 4. HP: 25/25 MP: 9/11
  2469 | D:3      | Noticed Terence
  2476 | D:3      | HP: 2/25 [Terence/+1 vorpal flail (11)]
  2476 | D:3      | Slain by Terence

Vanquished Creatures
  2 adders
  A dart slug (D:3)
  7 ball pythons
  8 bats
  7 endoplasms
  3 giant cockroaches
  3 goblins
  5 hobgoblins
  4 kobolds
  A quokka (D:2)
  5 frilled lizards
  5 rats
51 creatures vanquished.

Vanquished Creatures (others)
  143 foxfires
143 creatures vanquished.

Grand Total: 194 creatures vanquished

Table legend: (Time is in decaauts)
 A = Elapsed time spent in this place.
 B = Non-inter-level travel time spent in this place.
 C = Inter-level travel time spent in this place.
 D = Time resting spent in this place.
 E = Time spent auto-exploring this place.
 F = Levels seen in this place.
 G = Mean time per level.
                   A        B        C        D        E       F      G
               +--------+--------+--------+--------+--------+-----+--------+
         Total |   2475 |   2430 |     45 |    503 |   1609 |   3 |  825.0 |
       Dungeon |   2475 |   2430 |     45 |    503 |   1609 |   3 |  825.0 |
               +--------+--------+--------+--------+--------+-----+--------+

Top non-repeatable levels by time:
     D:1: 1310 daAuts
     D:2: 910 daAuts
     D:3: 254 daAuts

Table legend:
 A = Non-vault XP
 B = Vault XP
 C = Vault XP percentage of total XP
 D = Non-vault monster count
 E = Vault monster count
 F = Vault count percentage of total count
                 A         B        C        D         E       F
            +---------+---------+-------+---------+---------+-------
      Total |      95 |       9 |   8.7 |      46 |       5 |   9.8
            +---------+---------+-------+---------+---------+-------
        D:1 |      37 |       0 |   0.0 |      23 |       0 |   0.0
        D:2 |      35 |       9 |  20.5 |      17 |       5 |  22.7
        D:3 |      23 |       0 |   0.0 |       6 |       0 |   0.0
            +---------+---------+-------+---------+---------+-------
